 Dungeon Crawl Stone Soup version 0.30-a0-269-gf0224bf7b6 (webtiles) character file.

Game seed: 17695852087200158172

165 zishaf the Gusty (level 5, -3/30 HPs)
             Began as a Tengu Air Elementalist on Oct 14, 2022.
             Slain by a kobold brigand
             ... wielding a +0 short sword
              (6 damage)
             ... in a sewer.
             The game lasted 00:04:30 (3178 turns).

zishaf the Gusty (Tengu Air Elementalist)           Turns: 3178, Time: 00:04:30

Health: -3/30      AC:  2    Str:  8    XL:     5   Next: 46%
Magic:  6/10       EV: 14    Int: 17    God:
Gold:   58         SH:  0    Dex: 15    Spells: 6/9 levels left

rFire   . . .      SeeInvis .    g - +0 dagger (venom)
rCold   . . .      Faith    .    (no shield)
rNeg    + . .      Spirit   .    a - +0 robe
rPois   .          Reflect  .    (helmet restricted)
rElec   .          Harm     .    (no cloak)
rCorr   .          Rampage  .    (no gloves)
Will    .....                    (boots unavailable)
Stlth   ++........               (no amulet)
HPRegen 0.25/turn                t - ring of positive energy
MPRegen 0.12/turn                (no ring)

@: flying quickly and evasively, quick
A: beak, talons 3, nimble flight
a: no special abilities


You were in a sewer.
You visited 1 branch of the dungeon, and saw 4 of its levels.
You also visited: Sewer.

You collected 58 gold pieces.

Inventory:

Hand Weapons
 c - a +0 dagger
 g - a +0 dagger of venom (weapon)
Armour
 a - a +0 robe (worn)
 l - a +0 kite shield
Jewellery
 t - a ring of positive energy (left hand)
Scrolls
 f - a scroll of torment {unknown}
 h - a scroll of brand weapon {unknown}
 i - a scroll of magic mapping {unknown}
 k - 2 scrolls of identify {unknown}
 m - a scroll of amnesia {unknown}
 s - a scroll of summoning {unknown}
 u - a scroll of enchant weapon {unknown}
 v - 5 scrolls of teleportation {unknown}
 x - a scroll of enchant armour {unknown}
Potions
 b - 2 potions of magic
 d - a potion of degeneration {unknown}
 e - 2 potions of heal wounds {unknown}
 j - 2 potions of curing {unknown}
 n - a potion of resistance {unknown}
 o - a potion of haste {unknown}
 p - 2 potions of brilliance {unknown}
 q - a potion of attraction {unknown}
 r - 2 potions of might {unknown}
 w - a potion of mutation {unknown}


   Skills:
 + Level 2.0 Fighting
 - Level 2.1 Dodging
 - Level 2.0 Stealth
 + Level 1.3 Shields
 + Level 2.8 Spellcasting
 + Level 3.3 Conjurations
 + Level 5.2 Air Magic


You had 6 spell levels left.
You knew the following spells:

 Your Spells              Type           Power      Damage    Failure   Level
a - Shock                 Conj/Air       68%        1d7       3%          1
A - Static Discharge      Conj/Air       34%        2-4/arc   4%          2

Your spell library contained the following spells:

 Spells                   Type           Power      Damage    Failure   Level
 Swiftness                Air            20%        N/A       6%          3
 Airstrike                Air            10%        2d(2-18)  21%         4
 Scorch                   Fire           4%         2d5       26%         2
 Gell's Gravitas          Tloc           2%         N/A       47%         3
 Teleport Other           Tloc           2%         N/A       47%         3
 Flame Wave               Conj/Fire      8%         2d5       65%         4
 Dispersal                Tloc           1%         N/A       100%        6
 Summon Cactus Giant      Summ           1%         N/A       100%        6


Dungeon Overview and Level Annotations

Branches:
Dungeon (4/15)              Sewer (1/1)
 Temple: D:4-7

Altars:
The Shining One

Shops:
D:1 :   D:2 *


Innate Abilities, Weirdness & Mutations

You have a beak for a mouth.
You have claws for feet.
Your magical nature lets you fly swiftly and evasively.


Message History

You kill the rat!
A kobold brigand is nearby!
You start resting.
A kobold brigand is nearby!
You hit the kobold brigand.
The kobold brigand is poisoned.
Your kick misses the kobold brigand.
The kobold brigand is lightly wounded.
The kobold brigand hits you with a +0 short sword.
You hit the kobold brigand.
The kobold brigand looks as sick as possible!
You claw the kobold brigand. Your peck misses the kobold brigand.
The kobold brigand is moderately wounded.
The kobold brigand hits you with a +0 short sword!
You hit the kobold brigand.
The kobold brigand looks as sick as possible!
Your kick misses the kobold brigand.
The kobold brigand is moderately wounded.
The kobold brigand hits you with a +0 short sword.
You closely miss the kobold brigand.
You claw the kobold brigand, but do no damage.
The kobold brigand is moderately wounded.
The kobold brigand closely misses you.
Casting: Shock (safe; 3% risk of failure)
Confirm with . or Enter, or press ? or * to list all spells.
The kobold brigand is struck by an arc of lightning.
The kobold brigand is heavily wounded.
You are struck by an arc of lightning.
The lightning grounds out.
The kobold brigand hits you with a +0 short sword.
* * * LOW HITPOINT WARNING * * *
Casting: Static Discharge (safe; 4% risk of failure)
Confirm with . or Enter, or press ? or * to list all spells.
The kobold brigand is struck by an arc of lightning.
The kobold brigand is severely wounded.
You are struck by an arc of lightning.
* * * LOW HITPOINT WARNING * * *
The kobold brigand is struck by an arc of lightning.
The kobold brigand is almost dead.
The lightning grounds out.
The kobold brigand hits you with a +0 short sword.
You die...

†#.#.#.# #. .#
~#~#~#~# #~ ~#†
~# ~#~#~#~# #~
~#~ ~# ~#)#~#~#
~#~ ~#~ ~~~#.~~#
~.~ .~~ #~###.##
#~# #~# #~# #.#
#~# #~# #~###~#
#~###K# #~~.~~#
#~.~@~# ##.~.##
##..~## #..~#
#.~~# #.~~# #~..#
#.~.## ##.~.#
#~~.~## ##.~~~#
#.~~~~#####..~.~#
##..~.~...~~..~##
###..~~~.~~~###


You could see a kobold brigand (extremely poisoned).

Vanquished Creatures
  A scorpion (D:3)
  2 adders (D:2)
  A river rat (Sewer)
  3 dart slugs
  4 orcs (D:3)
  3 ball pythons
  2 endoplasms
  4 giant cockroaches
  7 goblins
  5 hobgoblins
  4 jackals (D:2)
  2 quokkas (D:1)
  7 bats
  5 frilled lizards
  7 kobolds
  15 rats
72 creatures vanquished.

Vanquished Creatures (others)
  5 plants (D:4)
5 creatures vanquished.

Grand Total: 77 creatures vanquished

Notes
Turn   | Place    | Note
-------+----------+-------------------------------------------
     0 | D:1      | zishaf the Tengu Air Elementalist began the quest for the
                  | Orb.
     0 | D:1      | Reached XP level 1. HP: 10/10 MP: 4/4
    88 | D:1      | Found Qughueto's Vocational Training.
   192 | D:1      | Reached XP level 2. HP: 16/16 MP: 4/6
   910 | D:2      | Reached skill level 1 in Fighting
   910 | D:2      | Reached XP level 3. HP: 20/20 MP: 2/7
  1347 | D:2      | Found Opias's Assorted Antiques.
  1586 | D:2      | Reached XP level 4. HP: 20/25 MP: 2/8
  1966 | D:3      | Noticed a scorpion
  1985 | D:3      | Killed a scorpion
  1986 | D:3      | Reached skill level 1 in Shields
  1986 | D:3      | Reached skill level 5 in Air Magic
  1986 | D:3      | Gained mutation: Your magical nature lets you fly swiftly
                  | and evasively. [Tengu growth]
  1986 | D:3      | Reached XP level 5. HP: 23/30 MP: 8/10
  2101 | D:3      | Learned a level 2 spell: Static Discharge
  2178 | D:3      | Found a glowing golden altar of the Shining One.
  2964 | D:4      | Found a glowing drain.
  3032 | Sewer    | Entered a sewer
  3159 | Sewer    | Noticed a kobold brigand
  3178 | Sewer    | Slain by a kobold brigand

Illustrated notes

Levels and vault maps discovered:
D:1:      dpeg_arrival_pits, layout_rooms, serial_glass, glass_columns_b,
          glass_columns_a, glass_columns_a, glass_columns_a, glass_columns_c,
          glass_columns_a, glass_columns_c, glass_columns_b,
          nicolae_shop_vocational
D:2:      layout_basic, serial_shops, shop, minmay_between
D:3:      layout_loops_ring, mainiacjoe_overflow_paths
D:4:      layout_gridville, gammafunk_ghost_gnarly_gnolls, portal_sewer_entry_b,
          uniq_robin
Sewer:    sewer_co_tree

Skill      XL: |  1  2  3  4  5 |
---------------+----------------+-----
Conjurations   | 2 3 |  3.3
Fighting       | 1 2 |  2.0
Shields        | 1 |  1.3
Air Magic      | 5 |  5.2
Dodging        | |  2.1
Stealth        | |  2.0
Spellcasting   | |  2.8

Action                   |  1- 3 |  4- 6 || total
-------------------------+-------+-------++-------
Melee: Dagger            |    22 |    19 ||    41
       Peck              |     5 |       ||     5
       Kick              |     3 |     8 ||    11
 Cast: Shock             |    81 |    33 ||   114
       Static Discharge  |       |     2 ||     2
 Stab: Sleeping          |       |     1 ||     1
Armor: Robe              |    12 |       ||    12
Dodge: Dodged            |    21 |     9 ||    30

Table legend: (Time is in decaauts)
 A = Elapsed time spent in this place.
 B = Non-inter-level travel time spent in this place.
 C = Inter-level travel time spent in this place.
 D = Time resting spent in this place.
 E = Time spent auto-exploring this place.
 F = Levels seen in this place.
 G = Mean time per level.
                   A        B        C        D        E       F      G
               +--------+--------+--------+--------+--------+-----+--------+
         Total |   3087 |   2995 |     92 |    160 |   2357 |   5 |  617.4 |
       Dungeon |   2950 |   2858 |     92 |    152 |   2262 |   4 |  737.5 |
         Sewer |    136 |    136 |      0 |      8 |     94 |   1 |  136.0 |
               +--------+--------+--------+--------+--------+-----+--------+

Top non-repeatable levels by time:
     D:2: 1012 daAuts
     D:1: 902 daAuts
     D:3: 878 daAuts
     D:4: 157 daAuts
   Sewer: 136 daAuts
